 Dungeon Crawl Stone Soup version 0.28-a0-233-gb8ca4b6547 (webtiles) character file.

Game seed: 16219305229986847118

58 bande the Shield-Bearer (level 4, -7/29 HPs)
             Began as a Gargoyle Fighter on Aug 23, 2021.
             Killed by divine providence
             ... invoked by an orc priest
              (14 damage)
             ... on level 5 of the Dungeon.
             The game lasted 00:02:57 (2344 turns).

bande the Shield-Bearer (Gargoyle Fighter)          Turns: 2344, Time: 00:02:58

Health: -7/29      AC: 11    Str: 19    XL:     4   Next: 1%
Magic:  4/4        EV: 11    Int:  9    God:
Gold:   117        SH:  9    Dex: 10    Spells: 3/3 levels left

rFire   . . .      SeeInvis .   a - +0 war axe
rCold   . . .      Faith    .   c - +1 kite shield
rNeg    + . .      Spirit   .   b - +0 scale mail
rPois   ∞          Reflect  .   (no helmet)
rElec   +          Harm     .   g - +0 cloak
rCorr   .          Rampage  .   (no gloves)
Will    .....                   (no boots)
Stlth   ..........              (no amulet)
HPRegen 0.09/turn               f - +4 ring of evasion
MPRegen 0.09/turn               (no ring)

@: no status effects
A: sickness immunity, AC +3, negative energy resistance 1, electricity
resistance, torment resistance 1, petrification resistance
a: no special abilities


You were on level 5 of the Dungeon.
You visited 1 branch of the dungeon, and saw 5 of its levels.

You collected 117 gold pieces.

Inventory:

Hand Weapons
 a - a +0 war axe (weapon)
Missiles
 e - a throwing net (quivered)
Armour
 b - a +0 scale mail (worn)
 c - a +1 kite shield (worn)
 g - a +0 cloak (worn)
Jewellery
 f - a +4 ring of evasion (left hand)
Scrolls
 h - a scroll of identify
 i - a scroll of teleportation {unknown}
Potions
 d - 2 potions of might
 j - a potion of resistance
 k - a potion of curing {unknown}


   Skills:
 + Level 3.8 Fighting
 + Level 2.6 Axes
 + Level 3.4 Armour
 + Level 0.1 Dodging
 + Level 4.0 Shields


You had 3 spell levels left.
You didn't know any spells.
Your spell library was empty.

Dungeon Overview and Level Annotations

Branches:
Dungeon (6/15)
 Temple: D:4-7

Altars:


Innate Abilities, Weirdness & Mutations

You are immune to sickness and miasma.
Your stone body is resilient. (AC +3)
You are immune to poison.
You resist negative energy. (rN+)
You are resistant to electric shocks. (rElec)
You are resistant to unholy torment.
You are immune to petrification.


Message History

There is a stone staircase leading down here.
Found 4 gold pieces.
An orc wizard comes into view. It is wielding a +0 dagger.
The orc wizard shouts!
The orc wizard points at you and mumbles some strange words.
You are confused.
An orc warrior and an orc priest come into view.
The orc priest shouts!
You bump into the rock wall.
An orc comes into view. It is wielding a +0 whip.
You bump into the rock wall.
The orc wizard casts a spell.
The orc wizard flickers and vanishes!
Deactivating autopickup; reactivate with Ctrl-A.
You bump into the rock wall.
You bump into the rock wall.
You bump into the rock wall.
The orc priest hits you with a +0 club.
You're too confused to move!
You feel less confused.
Unknown command.
You hit the orc warrior.
The orc warrior is lightly wounded.
The orc priest miscasts a cantrip.
Your shield prevents you from hitting the orc warrior.
The orc warrior is lightly wounded.
The orc warrior barely misses you.
The orc priest calls upon Beogh to heal the orc warrior.
The orc warrior's wounds heal themselves!
The orc warrior hits you with a +0 short sword!
The orc priest invokes the aid of Beogh against you.
Beogh smites you!
* * * LOW HITPOINT WARNING * * *
You hit the orc warrior but do no damage.
The orc warrior hits you with a +0 short sword.
* * * LOW HITPOINT WARNING * * *
Unknown command.
The orc warrior barely misses you.
The orc priest calls down the wrath of Beogh upon you.
Beogh smites you!
You die...

##########
#........#
#........#
##........#
#.........#
.+.........#
#.....$....######
#.......oo.o.@>#
##..##.#+##.####
#.# #.# #{# #.#
#.# #.# .o# #.#
#.# #.# #.. #.#
#.. #.#


You could see an orc warrior, an orc priest and an orc.

Vanquished Creatures
  A worm (D:2)
  6 endoplasms
  2 giant cockroaches
  4 goblins
  6 hobgoblins
  6 jackals (D:1)
  3 quokkas
  3 ball pythons
  2 bats
  5 frilled lizards
  5 kobolds
  7 rats (D:1)
50 creatures vanquished.

Vanquished Creatures (others)
  2 plants (D:1)
2 creatures vanquished.

Grand Total: 52 creatures vanquished

Notes
Turn   | Place    | Note
-------+----------+-------------------------------------------
     0 | D:1      | bande the Gargoyle Fighter began the quest for the Orb.
     0 | D:1      | Reached XP level 1. HP: 14/14 MP: 1/1
   130 | D:1      | Reached XP level 2. HP: 19/19 MP: 2/2
   455 | D:1      | Reached XP level 3. HP: 13/23 MP: 3/3
   829 | D:1      | Found a faded altar of an unknown god.
  2264 | D:3      | Reached skill level 4 in Shields
  2275 | D:3      | Reached XP level 4. HP: 28/29 MP: 4/4
  2312 | D:3      | You fall into a shaft and drop 3 floors!
  2318 | D:5      | Entered Level 5 of the Dungeon
  2328 | D:5      | Noticed an orc warrior
  2344 | D:5      | Killed from afar by an orc priest

Illustrated notes

Levels and vault maps discovered:
D:1:      tarquinn_simple_flora_water_a, layout_basic,
          shapermc_ecumenical_altar_acropolis
D:2:      layout_basic
D:3:      layout_loops_ring
D:5:      layout_basic, kennysheep_mini_moat, minmay_temple_entry_wispy,
          uniq_ijyb, uniq_menkaure
D:6:      kennysheep_six_static_rooms, layout_cave_pools,
          gammafunk_temple_overflow_claw

Skill      XL: |  1  2  3 |
---------------+----------+-----
Axes           | 2 |  2.6
Shields        | 4 |  4.0
Fighting       | |  3.8
Armour         | |  3.4
Dodging        | |  0.1

Action                   |  1- 3 |  4- 6 || total
-------------------------+-------+-------++-------
Melee: War axe           |   148 |     3 ||   151
  Use: Scroll            |     5 |       ||     5
       Potion            |     2 |       ||     2
Armor: Scale mail        |    85 |       ||    85
Dodge: Dodged            |    50 |     2 ||    52
Block: Kite shield       |    68 |       ||    68

Table legend: (Time is in decaauts)
 A = Elapsed time spent in this place.
 B = Non-inter-level travel time spent in this place.
 C = Inter-level travel time spent in this place.
 D = Time resting spent in this place.
 E = Time spent auto-exploring this place.
 F = Levels seen in this place.
 G = Mean time per level.
                   A        B        C        D        E       F      G
               +--------+--------+--------+--------+--------+-----+--------+
         Total |   2437 |   2405 |     32 |    274 |   1663 |   5 |  487.4 |
       Dungeon |   2437 |   2405 |     32 |    274 |   1663 |   5 |  487.4 |
               +--------+--------+--------+--------+--------+-----+--------+

Top non-repeatable levels by time:
     D:1: 1204 daAuts
     D:2: 865 daAuts
     D:3: 333 daAuts
     D:5: 27 daAuts
     D:6: 5 daAuts
